TOP OF THE 1ST |
Albuquerque Isotopes batting - Pitching for Mexico City Cerveceros : LHP Sean Perry
|
Pitching: LHP Sean Perry
|
|
Batting: RHB Víctor Solano
|
0-0: Called Strike 0-1: Ball 1-1: Swinging Strike 1-2: Ball 2-2: DOUBLE (Line Drive, 5D)
|
Batting: SHB Clint Woods
|
0-0: Called Strike 0-1: Ball 1-1: Ball 2-1: Called Strike 2-2: Foul Ball, location: 2F 2-2: Fly out, F9 (Flyball, 9LM)
|
Batting: LHB Pedro Cruz
|
0-0: Swinging Strike 0-1: Ball 1-1: Foul Ball, location: 2F 1-2: Ball 2-2: Strikes out swinging
|
Batting: RHB Will Lott
|
0-0: Ball 1-0: Ball 2-0: Ball 3-0: Base on Balls
|
Batting: LHB Bernardo Montés
|
0-0: Ball 1-0: Ball 2-0: Swinging Strike 2-1: Foul Ball, location: 2F 2-2: Strikes out swinging
|
Top of the 1st over - 0 run(s), 1 hit(s), 0 error(s), 2 left on base; Albuquerque 0 - Mexico City 0 |
BOTTOM OF THE 1ST |
Mexico City Cerveceros batting - Pitching for Albuquerque Isotopes : RHP Francisco Álvarez
|
Pitching: RHP Francisco Álvarez
|
|
Batting: RHB Murai Ishihara
|
0-0: Called Strike 0-1: Called Strike 0-2: Ball 1-2: Fly out, F8 (Flyball, 89XD)
|
Batting: RHB Robinson Pacheco
|
0-0: SINGLE (Groundball, 56S) (infield hit)
|
Batting: LHB Brandon Cummings
|
0-0: Called Strike 0-1: Ball 1-1: Foul Ball, location: 2F 1-2: Strikes out swinging
|
Batting: LHB Gary Kern
|
0-0: Ball 1-0: Called Strike 1-1: Ball 2-1: Fly out, F7 (Flyball, 7)
|
Bottom of the 1st over - 0 run(s), 1 hit(s), 0 error(s), 1 left on base; Albuquerque 0 - Mexico City 0 |
TOP OF THE 2ND |
Albuquerque Isotopes batting - Pitching for Mexico City Cerveceros : LHP Sean Perry
|
Batting: LHB Fernando Ortíz
|
0-0: Called Strike 0-1: Called Strike 0-2: Ball 1-2: Strikes out swinging
|
Batting: RHB Sam Wallace
|
0-0: Ball 1-0: Foul Ball, location: 2F 1-1: Swinging Strike 1-2: Foul Ball, location: 2F 1-2: Ball 2-2: Ball 3-2: Base on Balls
|
Batting: LHB José González
|
0-0: Called Strike 0-1: Ball 1-1: Swinging Strike 1-2: Ball Sam Wallace steals 2nd base 2-2: Ball 3-2: Base on Balls
|
Batting: RHB Dave Mullen
|
0-0: Ball 1-0: Called Strike 1-1: Called Strike 1-2: Strikes out swinging
|
Batting: RHB Víctor Solano
|
0-0: Ball 1-0: Swinging Strike 1-1: Foul Ball, location: 2F 1-2: Strikes out swinging
|
Top of the 2nd over - 0 run(s), 0 hit(s), 0 error(s), 2 left on base; Albuquerque 0 - Mexico City 0 |
BOTTOM OF THE 2ND |
Mexico City Cerveceros batting - Pitching for Albuquerque Isotopes : RHP Francisco Álvarez
|
Batting: RHB Dave Morgan
|
0-0: Swinging Strike 0-1: Swinging Strike 0-2: Foul Ball, location: 2F 0-2: Ball 1-2: Ball 2-2: Strikes out looking
|
Batting: LHB David Monahan
|
0-0: Called Strike 0-1: DOUBLE (Line Drive, 9)
|
Batting: LHB Don Soper
|
0-0: Ball 1-0: Called Strike 1-1: Ball 2-1: Called Strike 2-2: Strikes out swinging
|
Batting: RHB Henning Huisman
|
0-0: Foul Ball, location: 2F 0-1: Swinging Strike 0-2: Foul Ball, location: 2F 0-2: Ball 1-2: Strikes out looking
|
Bottom of the 2nd over - 0 run(s), 1 hit(s), 0 error(s), 1 left on base; Albuquerque 0 - Mexico City 0 |
TOP OF THE 3RD |
Albuquerque Isotopes batting - Pitching for Mexico City Cerveceros : LHP Sean Perry
|
Batting: SHB Clint Woods
|
0-0: Hit by Pitch
|
Batting: LHB Pedro Cruz
|
0-0: Fielders Choice at 2nd, 6-4 (Groundball, 6M)
|
Batting: RHB Will Lott
|
0-0: Called Strike 0-1: Ball 1-1: Ball Wild Pitch! Pedro Cruz to second 2-1: Ball 3-1: SINGLE (Groundball, 56D) Pedro Cruz to third Runner from 3rd tries for Home, SAFE, no throw
|
Batting: LHB Bernardo Montés
|
0-0: Ball 1-0: Called Strike 1-1: Ball 2-1: Ball 3-1: Foul Ball, location: 2F 3-2: Foul Ball, location: 2F 3-2: Base on Balls Will Lott to second
|
Batting: LHB Fernando Ortíz
|
0-0: Ball 1-0: Ball 2-0: Called Strike 2-1: Ball 3-1: Base on Balls Will Lott to third Bernardo Montés to second
|
Batting: RHB Sam Wallace
|
0-0: Ball 1-0: Ball 2-0: Ball 3-0: Called Strike 3-1: Called Strike 3-2: SINGLE (Groundball, 6MD) Will Lott scores Bernardo Montés to third Fernando Ortíz to second
|
Batting: LHB José González
|
0-0: Ball 1-0: Ball 2-0: Foul Ball, location: 2F 2-1: Ball 3-1: Fly out, F7 (Flyball, 78S)
|
Batting: RHB Dave Mullen
|
0-0: Called Strike 0-1: SINGLE (Groundball, 56) (infield hit) Bernardo Montés scores Fernando Ortíz to third Sam Wallace to second
|
Batting: RHB Víctor Solano
|
0-0: Ball 1-0: Fly out, F9 (Flyball, 89M)
|
Top of the 3rd over - 3 run(s), 3 hit(s), 0 error(s), 3 left on base; Albuquerque 3 - Mexico City 0 |
BOTTOM OF THE 3RD |
Mexico City Cerveceros batting - Pitching for Albuquerque Isotopes : RHP Francisco Álvarez
|
Batting: SHB Scott Compton
|
0-0: Called Strike 0-1: SINGLE (Flyball, 9LS)
|
Batting: RHB Murai Ishihara
|
0-0: Called Strike 0-1: SINGLE (Flyball, 8LS) Scott Compton to second
|
Batting: RHB Robinson Pacheco
|
0-0: Ball 1-0: Ball 2-0: Called Strike 2-1: Ball 3-1: Foul Ball, location: 2F 3-2: Fly out, F5 (Popup, 5L)
|
Batting: LHB Brandon Cummings
|
0-0: Swinging Strike 0-1: Ball 1-1: Foul Ball, location: 2F 1-2: Ball 2-2: Foul Ball, location: 2F 2-2: Foul Ball, location: 2F 2-2: 3-RUN HOME RUN (Flyball, 9LD), Distance : 324 ft
|
Batting: LHB Gary Kern
|
0-0: Called Strike 0-1: Ball 1-1: Ground out U3 (Groundball, 3)
|
Batting: RHB Dave Morgan
|
0-0: Ball 1-0: Ball 2-0: Called Strike 2-1: Ball 3-1: Foul Ball, location: 2F 3-2: Strikes out swinging
|
Bottom of the 3rd over - 3 run(s), 3 hit(s), 0 error(s), 0 left on base; Albuquerque 3 - Mexico City 3 |
TOP OF THE 4TH |
Albuquerque Isotopes batting - Pitching for Mexico City Cerveceros : LHP Sean Perry
|
Batting: SHB Clint Woods
|
0-0: Called Strike 0-1: Foul Ball, location: 2F 0-2: Ball 1-2: Fly out, F6 (Line Drive, 6)
|
Batting: LHB Pedro Cruz
|
0-0: Ball 1-0: Called Strike 1-1: Ground out 4-3 (Groundball, 4D)
|
Batting: RHB Will Lott
|
0-0: Called Strike 0-1: Ball 1-1: Called Strike 1-2: Foul Ball, location: 2F 1-2: Strikes out swinging
|
Top of the 4th over - 0 run(s), 0 hit(s), 0 error(s), 0 left on base; Albuquerque 3 - Mexico City 3 |
BOTTOM OF THE 4TH |
Mexico City Cerveceros batting - Pitching for Albuquerque Isotopes : RHP Francisco Álvarez
|
Batting: LHB David Monahan
|
0-0: Swinging Strike 0-1: Ball 1-1: Ball 2-1: SINGLE (Groundball, 2L) (infield hit)
|
Batting: LHB Don Soper
|
0-0: Ball 1-0: Ball 2-0: Called Strike 2-1: Ball 3-1: Swinging Strike 3-2: Fly out, F7 (Flyball, 78S)
|
Batting: RHB Henning Huisman
|
0-0: Ball 1-0: Ball 2-0: Ball 3-0: Called Strike 3-1: Swinging Strike 3-2: Strikes out swinging
|
Batting: SHB Scott Compton
|
0-0: Fielders Choice at 2nd, 4-6 (Groundball, 4)
|
Bottom of the 4th over - 0 run(s), 1 hit(s), 0 error(s), 0 left on base; Albuquerque 3 - Mexico City 3 |
TOP OF THE 5TH |
Albuquerque Isotopes batting - Pitching for Mexico City Cerveceros : LHP Sean Perry
|
Pitching: RHP Tex Perkins
|
|
Batting: LHB Bernardo Montés
|
0-0: Ball 1-0: Called Strike 1-1: Ball 2-1: Ball 3-1: Base on Balls
|
Batting: LHB Fernando Ortíz
|
0-0: Ball 1-0: Foul Ball, location: 2F 1-1: Fly out, F9 (Flyball, 9S)
|
Batting: RHB Sam Wallace
|
0-0: Ball 1-0: Called Strike 1-1: Ball 2-1: Foul Ball, location: 2F 2-2: Ball 3-2: Strikes out swinging
|
Batting: LHB José González
|
0-0: Ball 1-0: Called Strike 1-1: SINGLE (Flyball, 9LS) Bernardo Montés to second
|
Batting: RHB Dave Mullen
|
0-0: Called Strike 0-1: Foul Ball, location: 2F 0-2: Ball 1-2: Ball 2-2: Foul Ball, location: 2F 2-2: Strikes out looking
|
Top of the 5th over - 0 run(s), 1 hit(s), 0 error(s), 2 left on base; Albuquerque 3 - Mexico City 3 |
BOTTOM OF THE 5TH |
Mexico City Cerveceros batting - Pitching for Albuquerque Isotopes : RHP Francisco Álvarez
|
Batting: RHB Murai Ishihara
|
0-0: Ball 1-0: Called Strike 1-1: SINGLE (Groundball, 34D)
|
Batting: RHB Robinson Pacheco
|
0-0: Swinging Strike 0-1: Ball 1-1: Ball 2-1: Called Strike 2-2: Ball 3-2: Base on Balls Murai Ishihara to second
|
Pitching: RHP Shiki Kanno
|
|
Batting: LHB Brandon Cummings
|
0-0: Called Strike 0-1: Swinging Strike 0-2: Strikes out looking
|
Batting: LHB Gary Kern
|
0-0: Called Strike 0-1: Ball 1-1: Ball 2-1: Reached via error on a dropped throw, E6 Murai Ishihara to third Robinson Pacheco to second
|
Batting: RHB Dave Morgan
|
0-0: Ball 1-0: Ball 2-0: Ball 3-0: Foul Ball, location: 2F 3-1: Base on Balls Murai Ishihara scores Robinson Pacheco to third Gary Kern to second
|
Batting: LHB David Monahan
|
0-0: Called Strike 0-1: Ball 1-1: Ball 2-1: Fly out, F7 (Flyball, 7) Runner from 3rd tags up, SCORES, throw made
|
Batting: LHB Don Soper
|
0-0: Fly out, F9 (Flyball, 9D)
|
Bottom of the 5th over - 2 run(s), 1 hit(s), 1 error(s), 2 left on base; Albuquerque 3 - Mexico City 5 |
TOP OF THE 6TH |
Albuquerque Isotopes batting - Pitching for Mexico City Cerveceros : RHP Tex Perkins
|
Batting: RHB Víctor Solano
|
0-0: Foul Ball, location: 2F 0-1: Ball 1-1: Swinging Strike 1-2: Strikes out swinging
|
Batting: SHB Clint Woods
|
0-0: Ball 1-0: DOUBLE (Flyball, 89D)
|
Batting: LHB Pedro Cruz
|
0-0: Foul Ball, location: 2F 0-1: Swinging Strike 0-2: Strikes out swinging
|
Batting: RHB Will Lott
|
0-0: Ball 1-0: Called Strike 1-1: Called Strike 1-2: Foul Ball, location: 2F 1-2: Foul Ball, location: 2F 1-2: Strikes out swinging
|
Top of the 6th over - 0 run(s), 1 hit(s), 0 error(s), 1 left on base; Albuquerque 3 - Mexico City 5 |
BOTTOM OF THE 6TH |
Mexico City Cerveceros batting - Pitching for Albuquerque Isotopes : RHP Shiki Kanno
|
Batting: RHB Henning Huisman
|
0-0: Called Strike 0-1: Foul Ball, location: 2F 0-2: Strikes out swinging
|
Batting: SHB Scott Compton
|
0-0: Foul Ball, location: 2F 0-1: Ball 1-1: Swinging Strike 1-2: Fly out, F8 (Flyball, 8LM)
|
Batting: RHB Murai Ishihara
|
0-0: SINGLE (Line Drive, 7LS)
|
Batting: RHB Robinson Pacheco
|
0-0: Ball 1-0: Ball 2-0: Called Strike 2-1: Fly out, F9 (Flyball, 89M)
|
Bottom of the 6th over - 0 run(s), 1 hit(s), 0 error(s), 1 left on base; Albuquerque 3 - Mexico City 5 |
TOP OF THE 7TH |
Albuquerque Isotopes batting - Pitching for Mexico City Cerveceros : RHP Tex Perkins
|
Batting: LHB Bernardo Montés
|
0-0: Ball 1-0: Ball 2-0: Ball 3-0: Base on Balls
|
Pitching: LHP Rubén Rico
|
|
Batting: LHB Fernando Ortíz
|
0-0: Bunted foul 0-1: Bunted foul 0-2: Ball 1-2: Strikes out swinging
|
Batting: RHB Sam Wallace
|
0-0: Ball 1-0: Ball 2-0: Foul Ball, location: 2F 2-1: Ball 3-1: SINGLE (Line Drive, 8LS) Bernardo Montés to second
|
Pitching: RHP Troy Hawkins
|
|
Batting: LHB José González
|
0-0: Called Strike 0-1: SINGLE (Line Drive, 7LS) Bernardo Montés to third Sam Wallace to second Runner from 3rd tries for Home, SAFE, throw made home
|
Pinch Hitting: RHB Juan Vareas
|
0-0: Fly out, F9 (Line Drive, 9)
|
Pinch Hitting: LHB Juan Carlos Sánchez
|
0-0: Ball 1-0: Ball 2-0: Ball 3-0: Called Strike 3-1: SINGLE (Groundball, 56D) Sam Wallace to third José González to second Runner from 3rd tries for Home, SAFE, no throw
|
Batting: SHB Clint Woods
|
0-0: Ball 1-0: Ball 2-0: Called Strike 2-1: Foul Ball, location: 2F 2-2: Ball 3-2: Ground out 6-3 (Groundball, 6)
|
Top of the 7th over - 2 run(s), 3 hit(s), 0 error(s), 2 left on base; Albuquerque 5 - Mexico City 5 |
BOTTOM OF THE 7TH |
Mexico City Cerveceros batting - Pitching for Albuquerque Isotopes : RHP Shiki Kanno
|
Pitching: RHP Howard Joyce
|
|
Now at 2B: Raúl Bauza
|
|
Now in CF: A.J. Major
|
|
Batting: LHB Brandon Cummings
|
0-0: Ball 1-0: Foul Ball, location: 2F 1-1: Ball 2-1: Ball 3-1: Base on Balls
|
Batting: LHB Gary Kern
|
0-0: Ball 1-0: Ball 2-0: Ball 3-0: Called Strike 3-1: Swinging Strike 3-2: Strikes out looking Brandon Cummings steals 2nd base Batter strikes out.
|
Batting: RHB Dave Morgan
|
0-0: Ball 1-0: Called Strike 1-1: Foul Ball, location: 2F 1-2: DOUBLE (Flyball, 78M) Brandon Cummings scores
|
Batting: LHB David Monahan
|
0-0: Intentional Walk
|
Batting: LHB Don Soper
|
0-0: Called Strike 0-1: Called Strike 0-2: Ball 1-2: Ball 2-2: Ball 3-2: Reached on error, E4 (Groundball, 4) Dave Morgan to third David Monahan to second
|
Batting: RHB Henning Huisman
|
0-0: Foul Ball, location: 2F 0-1: Ball 1-1: GRAND SLAM HOME RUN (Line Drive, 7D), Distance : 369 ft
|
Pitching: RHP Germán Hernández
|
|
Batting: SHB Scott Compton
|
0-0: Ball 1-0: Ground out 3-1 (Groundball, 34S)
|
Batting: RHB Murai Ishihara
|
0-0: Called Strike 0-1: Ball 1-1: Called Strike 1-2: Ball 2-2: Strikes out looking
|
Bottom of the 7th over - 5 run(s), 2 hit(s), 1 error(s), 0 left on base; Albuquerque 5 - Mexico City 10 |
TOP OF THE 8TH |
Albuquerque Isotopes batting - Pitching for Mexico City Cerveceros : RHP Troy Hawkins
|
Now at C: Fernando Garza
|
|
Now at 2B: Soetsu Kaneko
|
|
Batting: LHB Pedro Cruz
|
0-0: Ball 1-0: Swinging Strike 1-1: Ground out 6-3 (Groundball, 6M)
|
Batting: RHB Will Lott
|
0-0: Ball 1-0: Foul Ball, location: 2F 1-1: Fly out, F8 (Line Drive, 8LD)
|
Batting: LHB Bernardo Montés
|
0-0: Foul Ball, location: 2F 0-1: Foul Ball, location: 2F 0-2: Ball 1-2: Foul Ball, location: 2F 1-2: Ball 2-2: Ground out 4-3 (Groundball, 34D)
|
Top of the 8th over - 0 run(s), 0 hit(s), 0 error(s), 0 left on base; Albuquerque 5 - Mexico City 10 |
BOTTOM OF THE 8TH |
Mexico City Cerveceros batting - Pitching for Albuquerque Isotopes : RHP Germán Hernández
|
Batting: RHB Robinson Pacheco
|
0-0: Fly out, F9 (Flyball, 9LM)
|
Batting: LHB Brandon Cummings
|
0-0: Called Strike 0-1: Swinging Strike 0-2: Strikes out looking
|
Batting: LHB Gary Kern
|
0-0: DOUBLE (Line Drive, 89D)
|
Batting: RHB Dave Morgan
|
0-0: Ball 1-0: Ball 2-0: Ball 3-0: Called Strike 3-1: Foul Ball, location: 2F 3-2: Base on Balls
|
Batting: LHB David Monahan
|
0-0: DOUBLE (Groundball, 3L) Gary Kern scores Dave Morgan to third Runner from 3rd tries for Home, SAFE, throw made at trailing runner, SAFE at third!
|
Pinch Hitting: RHB Orlando Núñes
|
0-0: Ball 1-0: Foul Ball, location: 2F 1-1: Foul Ball, location: 2F 1-2: Strikes out swinging
|
Bottom of the 8th over - 2 run(s), 2 hit(s), 0 error(s), 1 left on base; Albuquerque 5 - Mexico City 12 |
TOP OF THE 9TH |
Albuquerque Isotopes batting - Pitching for Mexico City Cerveceros : RHP Troy Hawkins
|
Now at 2B: Orlando Núñes
|
|
Batting: LHB Fernando Ortíz
|
0-0: Fly out, F8 (Flyball, 8LD)
|
Batting: RHB Sam Wallace
|
0-0: Called Strike 0-1: Foul Ball, location: 2F 0-2: Fly out, F8 (Flyball, 8LS)
|
Batting: LHB José González
|
0-0: Ground out 4-3 (Groundball, 4)
|
Top of the 9th over - 0 run(s), 0 hit(s), 0 error(s), 0 left on base; Albuquerque 5 - Mexico City 12 |
|